cohdb
Replays
Latest Replays
All Replays
Popular Replays
Top Player Replays
Match Explorer
How It Works
Community
CoH3 Stats
Reddit
Sign in to upload your games and track your stats! →
Sign in with Steam
Match 43162902
Unlisted
Match 43162902
Overview
Messages
Build Orders
End
Royal Engineer Section
Construct Section Command Post
Dingo Light Scout Car
Infantry Section
Vickers Machine Gun Team
Construct Platoon Command Post
Selects Indian Artillery Battlegroup
Selects Valour
Humber Armored Car
Selects Gurkha Rifles Section
Gurkha Rifles Section
Infantry Section
Construct Field Infirmary
Gurkha Rifles Section
Selects Volunteer Infantry
Construct Company Command Post
Selects Artillery Saturation
6-pounder Anti-tank Gun Team
Infantry Training
Unlock Bishop Self-propelled Artillery
Bishop Self-propelled Artillery
只愛❤毛妹
Cpt. Unicorn
0
0
Comments
sign in to comment!
No comments posted yet!